 Dungeon Crawl Stone Soup version 0.23-a0-767-gdc19b93 (webtiles) character file.

7865 nono the Fighter (level 11, -10/96 (97) HPs)
             Began as a Ghoul Fighter on Jan 19, 2019.
             Was a Priest of Qazlal.
             Hit by a javelin thrown by a minotaur (15 damage)
             ... in a Gauntlet.
             The game lasted 00:27:18 (9546 turns).

nono the Fighter (Ghoul Fighter)                    Turns: 9546, Time: 00:27:19

HP:   -10/96 (97)   AC: 16    Str: 19 (21) XL:     11   Next: 21%
MP:   14/14         EV:  9    Int:  8 (11) God:    Qazlal [***...]
Gold: 493           SH: 14    Dex:  6 (8)  Spells: 10/10 levels left

rFire    + . .     SeeInvis .     - Unarmed
rCold    + . .     Gourm    .   b - +0 shield
rNeg     + + +     Faith    .   K - +1 plate armour
rPois    ∞         Spirit   .   w - +1 hat {MR+}
rElec    .         Reflect  .   r - +0 cloak
rCorr    .         Harm     .   (no gloves)
MR       +....     NoTele   +   (no boots)
Stlth    ..........             (no amulet)
HPRegen  0.00/turn              m - +5 ring of evasion
MPRegen  0.14/turn              D - ring of protection from fire

@: brilliant, rotting, hasted (expiring), very quick
A: rotting body, claws 1, carnivore, cold resistance 1, negative energy
resistance 3, inhibited regeneration, torment resistance, unbreathing
a: Upheaval, Elemental Force, Renounce Religion


You were in a Gauntlet.
You worshipped Qazlal.
Qazlal was most pleased with you.
You were not hungry.

You visited 2 branches of the dungeon, and saw 12 of its levels.
You also visited: Sewer, Ossuary and Gauntlet.

You collected 493 gold pieces.

Inventory:

Hand Weapons
 y - the +4 short sword of Cif Raq {freeze, +Rage Int+2 Dex-3}
   (You found it on level 4 of the Dungeon)

   It has been specially enchanted to freeze those struck by it, causing extra
   injury to most foes and up to half again as much damage against particularly
   susceptible opponents.
   It can also slow down cold-blooded creatures.
   It affects your intelligence (+2).
   It affects your dexterity (-3).
   It lets you go berserk.
Armour
 a - a +0 scale mail
 b - a +0 shield (worn)
 k - a +1 helmet
 q - a +0 chain mail
 r - a +0 cloak (worn)
 w - a +1 hat of magic resistance (worn)
 K - a +1 plate armour (worn)
 L - the -3 hat of the Castellan {+Blink MR++}
   (You found it in a Gauntlet)

   It affects your resistance to hostile enchantments.
   It lets you blink.
 M - a +2 chain mail of positive energy
Jewellery
 m - a +5 ring of evasion (left claw)
 o - an uncursed ring of resist corrosion
 D - a ring of protection from fire (right claw)
 G - an uncursed ring of fire {unknown}
Wands
 n - a wand of iceblast (7)
 u - a wand of random effects (35)
 J - a wand of flame (15)
Scrolls
 e - 6 scrolls of enchant weapon
 g - 4 scrolls of fog
 h - 2 scrolls of blinking
 i - 12 scrolls of identify
 p - 2 scrolls of teleportation
 t - a scroll of amnesia
 v - a scroll of immolation {unknown}
 F - a scroll of fear
 H - a scroll of random uselessness
 I - 2 scrolls of enchant armour
Potions
 c - a potion of invisibility {unknown}
 f - a potion of lignification
 j - a potion of brilliance
 l - 2 potions of haste
 s - a potion of agility {unknown}
 x - a potion of flight {unknown}
 z - a potion of degeneration
 C - a potion of magic
 E - a potion of mutation {unknown}
Comestibles
 d - 11 rations


   Skills:
 + Level 9.3 Fighting
 + Level 7.8 Armour
 + Level 7.8 Shields
 + Level 9.1 Unarmed Combat
 + Level 6.5 Invocations


You had 10 spell levels left.
You didn't know any spells.
Your spell library contained the following spells:

 Spells                   Type           Power        Failure   Level  Hunger
 Animate Skeleton         Necr           N/A          88%         1    ##.....
 Apportation              Tloc           #.....       88%         1    ##.....
 Confusing Touch          Hex            #.....       88%         1    ##.....
 Summon Small Mammal      Summ           #...         88%         1    ##.....


Dungeon Overview and Level Annotations

Branches:
Dungeon (11/15)            Temple (1/1) D:5            Lair (0/6) D:10
    Orc: D:9-12

Altars:
Ashenzari
Cheibriados
Fedhas
Hepliaklqana
Makhleb
Okawaru
Qazlal
Sif Muna
Uskayaw
Xom
Yredelemnul
The Shining One

Shops:
D:4 (

Annotations:
D:8 1 transporter, Psyche Gauntlet 8 transporters


Innate Abilities, Weirdness & Mutations

Your body is rotting away.
You thrive on raw meat.
You are immune to poison.
You have sharp fingernails.
You are carnivorous and can eat meat at any time.
Your flesh is cold resistant. (rC+)
You are immune to negative energy. (rN+++)
You do not regenerate when monsters are visible.
You are immune to unholy pain and torment.
You can survive without breathing.


Message History

The minotaur is moderately wounded.
You barely miss the minotaur.
The minotaur is moderately wounded.
The minotaur hits you with a +2 demon blade of venom!!
* * * LOW HITPOINT WARNING * * *
You block the minotaur's attack.
Okay, then.
Evoke which item? (* to show all) (? for menu, Esc to quit)
Aiming: Random Effects
Press: ? - help, Shift-Dir - straight line, f - minotaur
Aim: a minotaur, wielding a +2 demon blade of venom, wearing the +6 chain mail "Vukau" {rElec Str+4} and wearing a +1 shield of protection (moderately wounded)
The bolt of negative energy hits the minotaur.
The minotaur is drained!
The minotaur is moderately wounded.
Okay, then.
Okay, then.
You see here a javelin.
Your extra speed is starting to run out.
The minotaur throws a javelin.
The javelin hits you!
You die...

#..#....... #..#...###.
####..#|...#..
#..#..#.#..#©.
########.©#..#©)#####
#.........#..#.#..#..
##.##.###..#..#.)..#..
#8.........#..#...###.
#...☼@#.#..#..#.......
#######(#.#..#..########
[8/8.8#H..#..#8.........
......'(###..#⌠.........
[8|8.8#...#..#8.........
#######.#.#. #..########
#.....#.#..#..#.......
#8.........#..#.##...#
##.##.###..#..#..##.##


You could see a minotaur.

Vanquished Creatures
  A hell beast (Gauntlet)
  Pikel (D:7)
  3 meliai (Gauntlet)
  A troll (D:9)
  A hippogriff (D:9)
  7 yaks
  A human (D:7)
  Eustachio (D:6)
  3 hogs (D:7)
  A hungry ghost (D:9)
  3 porcupines
  An orc warrior (D:9)
  2 ice beasts (D:5)
  4 centaurs
  4 ogres
  2 crocodiles (D:10)
  Blork the orc (D:5)
  4 bullfrogs
  9 scorpions
  6 killer bees (D:10)
  2 howler monkeys (D:9)
  2 crimson imps (D:7)
  A bullfrog zombie (D:5)
  2 centaur zombies
  2 orc priests
  3 hounds
  A jelly (D:9)
  A human zombie (Ossuary)
  9 orc wizards
  Crazy Yiuf (D:2)
  2 bullfrog skeletons (D:5)
  A gnoll shaman (D:5)
  2 iguanas
  3 worker ants
  Natasha (thrice) (D:3)
  2 big kobold zombies (Ossuary)
  3 mummies (Ossuary)
  18 gnolls
  3 scorpion zombies (Ossuary)
  10 adders
  An adder zombie (D:9)
  2 worms (D:2)
  3 dart slugs
  8 leopard geckos
  13 orcs
  11 giant cockroaches
  6 goblins
  3 hobgoblins
  5 jackals
  6 kobolds
  2 quokkas (D:4)
  5 ball pythons
  3 bats
  8 frilled lizards
  2 gnoll zombies (Ossuary)
  5 goblin zombies (Ossuary)
  A hobgoblin zombie (Ossuary)
  3 kobold zombies
  A leopard gecko skeleton (D:9)
  A leopard gecko zombie (D:5)
  4 orc zombies
  A quokka zombie (D:7)
  10 rats
231 creatures vanquished.

Vanquished Creatures (others)
  A slave (D:7)
1 creature vanquished.

Grand Total: 232 creatures vanquished

Notes
Turn   | Place    | Note
-------+----------+-------------------------------------------
     0 | D:1      | nono the Ghoul Fighter began the quest for the Orb.
     0 | D:1      | Reached XP level 1. HP: 19/19 MP: 0/0
   196 | D:1      | Reached XP level 2. HP: 16/26 MP: 1/1
  1089 | D:2      | Found a blossoming altar of Fedhas.
  1145 | D:1      | Reached XP level 3. HP: 19/33 MP: 2/2
  1297 | D:2      | Reached XP level 4. HP: 39/39 MP: 3/3
  1603 | D:2      | Reached XP level 5. HP: 39/46 MP: 4/4
  1704 | D:2      | Found a runed door.
  1946 | D:2      | Noticed Crazy Yiuf
  2007 | D:2      | Killed Crazy Yiuf
  2094 | D:3      | Found a hide-covered altar of Uskayaw.
  2095 | D:3      | Found a basalt altar of Yredelemnul.
  2099 | D:3      | Found a glowing golden altar of the Shining One.
  2311 | D:3      | Found a burning altar of Makhleb.
  2337 | D:3      | Noticed Natasha
  2349 | D:3      | Killed Natasha
  2382 | D:3      | Noticed Natasha
  2395 | D:3      | Killed Natasha
  2395 | D:3      | Reached XP level 6. HP: 48/53 MP: 5/5
  2430 | D:3      | Noticed Natasha
  2437 | D:3      | Killed Natasha
  2793 | D:4      | Found Boczoav's Antique Weapon Shoppe.
  3049 | D:4      | Found a glowing drain.
  3053 | Sewer    | Entered a sewer
  3177 | Sewer    | Reached skill level 5 in Fighting
  3284 | Sewer    | Reached XP level 7. HP: 51/60 MP: 6/6
  3962 | D:4      | Got a steaming short sword
  3992 | D:5      | Entered Level 5 of the Dungeon
  4012 | D:5      | Identified the +4 short sword of Cif Raq {freeze, +Rage
                  | Int+2 Dex-3} (You found it on level 4 of the Dungeon)
  4030 | D:5      | Found a shattered altar of Ashenzari.
  4115 | D:5      | Reached skill level 5 in Unarmed Combat
  4212 | D:5      | Noticed Blork the orc
  4258 | D:4      | Reached XP level 8. HP: 16/70 MP: 7/7
  4525 | D:5      | Killed Blork the orc
  4703 | D:5      | Found a staircase to the Ecumenical Temple.
  4712 | Temple   | Entered the Ecumenical Temple
  4716 | Temple   | Became a worshipper of Qazlal Stormbringer
  4744 | D:5      | Reached skill level 5 in Armour
  4744 | D:5      | Reached skill level 5 in Shields
  5041 | D:6      | Noticed Eustachio
  5081 | D:6      | Killed Eustachio
  5081 | D:6      | Reached skill level 1 in Invocations
  5249 | D:6      | Found a sand-covered staircase.
  5261 | Ossuary  | Entered an ossuary
  5315 | Ossuary  | Reached XP level 9. HP: 52/78 MP: 9/9
  5326 | Ossuary  | Reached * piety under Qazlal
  6493 | D:7      | Noticed Pikel
  6515 | D:7      | Killed Pikel
  6555 | D:7      | Reached ** piety under Qazlal
  7029 | D:7      | Reached XP level 10. HP: 64/86 MP: 12/12
  7296 | D:7      | Found a hazy altar of Hepliaklqana.
  7366 | D:8      | Found a transporter.
  7373 | D:8      | Noticed Psyche
  7378 | D:8      | You fall through a shaft!
  7420 | D:9      | Reached skill level 5 in Invocations
  7445 | D:9      | Noticed a tengu warrior
  8016 | D:9      | Found an iron altar of Okawaru.
  8379 | D:10     | Entered Level 10 of the Dungeon
  8470 | D:10     | Found a staircase to the Lair.
  8490 | D:9      | Reached *** piety under Qazlal
  8652 | D:10     | Reached XP level 11. HP: 43/97 MP: 14/14
  8661 | D:11     | Noticed a seven-headed hydra
  8670 | D:11     | Found a gate leading to a gauntlet.
  8677 | Gauntlet | Entered a Gauntlet
  8677 | Gauntlet | Found a transporter.
  8677 | Gauntlet | Found a transporter.
  8680 | Gauntlet | Noticed a hell beast
  8688 | Gauntlet | Found a transporter.
  8698 | Gauntlet | Found a transporter.
  8713 | Gauntlet | Found a transporter.
  8725 | Gauntlet | Found a transporter.
  8732 | Gauntlet | Noticed a fire crab
  8738 | Gauntlet | Found a transporter.
  8744 | Gauntlet | Found a transporter.
  8758 | Gauntlet | Found a transporter.
  8764 | Gauntlet | Found a transporter.
  8768 | Gauntlet | Found a transporter.
  8771 | Gauntlet | Found a transporter.
  8873 | Gauntlet | Killed a hell beast
  8887 | Gauntlet | Got a steaming hat
  8898 | Gauntlet | Identified the cursed -3 hat of the Castellan {+Blink MR++}
                  | (You found it in a Gauntlet)
  9131 | Gauntlet | HP: 4/97 [meliai/+0 hand axe (11)]
  9504 | Gauntlet | Identified the +6 chain mail "Vukau" {rElec Str+4}
  9504 | Gauntlet | Noticed a minotaur
  9546 | Gauntlet | Hit by a javelin thrown by a minotaur

Vault maps used:
D:1:      denvon_arrival_planthouse, minmay_misc_feat_square,
          serial_bayou_lagoon_a
D:2:      nicolae_overflow_crystal_walls, kennysheep_big_empty_room,
          minmay_3d_cube, uniq_crazy_yiuf_cottage
D:3:      grunt_temple_overflow_open, first_ration, bloody_makhleb, uniq_natasha
D:4:      serial_shops, nicolae_shop_overgrown_old_shop, gup_sewer_entry_spiral,
          minivault_23, glass_columns_c
D:5:      lemuel_doored_altar, minmay_temple_entry_trees, st_stairs_5,
          uniq_blork_the_orc
D:6:      enter_ossuary_3, uniq_eustachio
D:7:      minmay_recursive_quarters, marbit_many_paths, grunt_livestock,
          uniq_pikel
D:8:      kennysheep_little_box, gammafunk_ghost_gnarly_gnolls, led_sif_book,
          uniq_joseph, uniq_psyche, uniq_grum
D:9:      okawaru_altar_gauntlet_db, minivault_12
D:10:     minmay_lair_entry_grove, kennysheep_generic_room_2
D:11:     orc_0_dummy, gauntlet_entry_generic, gammafunk_ghost_necromancy,
          serial_shops, shop_fountains, uniq_harold
Temple:   zaba_magenta_temple
Sewer:    sewer_frog_island_01
Ossuary:  ossuary_minmay_scorpions
Gauntlet: gammafunk_gauntlet_shortcut

Skill      XL: |  1  2  3  4  5  6  7  8  9 10 11 |
---------------+----------------------------------+-----
Armour         | 3 4 5 6 7 |  7.8
Shields        | 3 4 5 6 7 |  7.8
Unarmed Combat | 3 4 5 6 7 8 9 |  9.1
Fighting       | 4 5 6 7 9 |  9.3
Invocations    | 1 4 6 |  6.5

Action                   |  1- 3 |  4- 6 |  7- 9 | 10-12 || total
-------------------------+-------+-------+-------+-------++-------
Melee: Unarmed           |   102 |   312 |   575 |   342 ||  1331
Evoke: Wand              |       |       |       |     2 ||     2
  Use: Potion            |       |     1 |     1 |    12 ||    14
       Scroll            |       |       |     5 |     8 ||    13
 Stab: Fleeing           |       |       |       |     1 ||     1
  Eat: Chunk             |    11 |    27 |    31 |    26 ||    95
Armor: Scale mail        |    30 |     8 |       |       ||    38
       Chain mail        |       |    95 |   170 |     7 ||   272
       Plate armour      |       |       |       |   108 ||   108
Dodge: Dodged            |    42 |   124 |   195 |   111 ||   472
Block: Shield            |    44 |   129 |   278 |   263 ||   714

Table legend:
 A = Non-vault XP
 B = Vault XP
 C = Vault XP percentage of total XP
 D = Non-vault monster count
 E = Vault monster count
 F = Vault count percentage of total count
                 A         B        C        D         E       F
            +---------+---------+-------+---------+---------+-------
      Total |    4763 |    6474 |  57.6 |     132 |      99 |  42.9
            +---------+---------+-------+---------+---------+-------
        D:1 |      30 |       0 |   0.0 |      11 |       0 |   0.0
        D:2 |     139 |      43 |  23.6 |      20 |       3 |  13.0
        D:3 |     149 |      32 |  17.7 |      17 |       1 |   5.6
        D:4 |     292 |      26 |   8.2 |      11 |       8 |  42.1
        D:5 |     713 |     236 |  24.9 |      21 |       4 |  16.0
        D:6 |     256 |     198 |  43.6 |       9 |       3 |  25.0
        D:7 |     237 |    1913 |  89.0 |       5 |      12 |  70.6
        D:9 |    2326 |     380 |  14.0 |      26 |       8 |  23.5
       D:10 |     621 |     767 |  55.3 |      12 |       6 |  33.3
      Sewer |       0 |     212 | 100.0 |       0 |      19 | 100.0
    Ossuary |       0 |     806 | 100.0 |       0 |      31 | 100.0
   Gauntlet |       0 |    1861 | 100.0 |       0 |       4 | 100.0
            +---------+---------+-------+---------+---------+-------
